Stars vs Canadiens
Created - January 26, 2021 at 19:21
Goals
|
Stars |
1 |
2 |
1 |
1 |
5 |
Canadiens |
0 |
1 |
3 |
0 |
4 |
|
Shots
|
Stars |
16 |
9 |
5 |
2 |
32 |
Canadiens |
4 |
12 |
10 |
0 |
26 |
|
1st period
1. Stars , Boris Valabik 4 (John Tavares 52, Guillaume Latendresse 28) at 14:08 (PP)
Penalties :
Dustin Boyd (Mon) for Interference (Minor) at 9:32, Cameron Gaunce (Mon) for Boarding (Minor) at 13:53, Brett Maclean (Mon) for Roughing (Minor) at 15:38, Boris Valabik (Dal) for Hooking (Minor) at 16:29
2nd period
2. Canadiens , Greg Stewart 16 (Claude Giroux 21, Bryce Lampman 11) at 0:12
3. Stars , Cory Emmerton 8 (Alexander Frolov 7, B.J. Crombeen 9) at 7:03
4. Stars , Jussi Jokinen 19 (Ian White 12, Antoine Vermette 12) at 17:11
Penalties :
Cameron Gaunce (Mon) for Hooking (Minor) at 3:27, Guillaume Latendresse (Dal) for Holding (Minor) at 12:15
3rd period
5. Stars , Michael Grabner 14 (Brian Lee 26, Ian White 13) at 2:35 (PP)
6. Canadiens , Dave Bolland 6 (Brady Skjei 21, Kristers Gudlevskis) at 6:50 (PP)
7. Canadiens , Steve Downie 5 (Dave Bolland 12, Benoit Pouliot 17) at 8:28 (PP)
8. Canadiens , Brett Maclean 7 (Dustin Boyd 4) at 10:58
Penalties :
Steve Downie (Mon) for Hooking (Minor) at 2:14, John Tavares (Dal) for Cross-checking (Minor) at 5:56, Jussi Jokinen (Dal) for Hooking (Minor) at 7:24, Steve Downie (Mon) for Boarding (Minor) at 11:45, B.J. Crombeen (Dal) for Hooking (Minor) at 14:09, Claude Giroux (Mon) for Tripping (Minor) at 15:54
Overtime #1
9. Stars , John Tavares 23 (Guillaume Latendresse 29) at 0:16
Penalties :
No Penalty
Goalie Stats
Cory Schneider (Dal), 22 saves from 26 shots - (0.846), W, 14-13-0, 60:16 minutes
Kristers Gudlevskis (Mon), 27 saves from 32 shots - (0.844), OTL, 11-16-7, 60:16 minutes
Players Stats for Stars
Player Name G A P +/- PIM S H SB GA TA FO MP PP MP PK MP
------------------------------------------------------------------------------------
Alex Chiasson 0 0 0 1 0 2 3 0 0 0 0/0 15:50 3:45 0:00
Alexander Frolov 0 1 1 1 0 2 2 0 0 1 0/1 12:16 0:10 1:18
Antoine Vermette 0 1 1 1 0 0 1 1 0 0 4/4 16:46 3:45 0:55
B.J. Crombeen 0 1 1 1 2 1 0 0 1 0 0/0 10:36 0:06 0:00
Boris Valabik 1 0 1 -1 2 3 0 1 0 2 0/0 19:09 3:50 1:45
Brian Lee 0 1 1 1 0 5 3 0 0 1 0/0 28:51 5:18 4:24
Cam Atkinson 0 0 0 0 0 0 0 0 0 0 0/0 6:11 0:00 0:00
Cory Emmerton 1 0 1 1 0 1 2 0 0 0 1/3 10:35 0:06 0:00
Evgeny Grachev 0 0 0 0 0 0 1 3 2 0 1/3 9:48 0:00 2:57
Guillaume Latendresse 0 2 2 -1 2 6 2 1 0 1 2/2 23:00 5:18 2:48
Ian White 0 2 2 1 0 2 0 0 1 1 0/0 28:51 5:18 4:24
John Tavares 1 1 2 -1 2 6 1 1 1 0 21/41 23:39 5:18 3:31
Jussi Jokinen 1 0 1 1 2 1 4 0 0 0 0/0 17:09 3:45 0:42
Michael Grabner 1 0 1 -2 0 3 0 0 1 0 0/3 20:30 5:14 0:55
Paul Ladue 0 0 0 1 0 0 0 0 0 0 0/0 11:44 0:00 0:24
Shane O'Brien 0 0 0 -1 0 0 1 0 1 1 0/0 20:07 3:51 2:09
Ted Purcell 0 0 0 0 0 0 0 0 0 0 0/0 6:11 0:00 0:00
Tyson Barrie 0 0 0 1 0 0 0 1 1 1 0/0 11:51 0:00 0:00
Players Stats for Canadiens
Player Name G A P +/- PIM S H SB GA TA FO MP PP MP PK MP
------------------------------------------------------------------------------------
Benoit Pouliot 0 1 1 0 0 2 3 1 0 1 1/1 19:19 3:17 2:26
Brady Skjei 0 1 1 0 0 1 0 1 1 1 0/0 22:27 2:55 0:42
Brett Maclean 1 0 1 1 2 3 1 0 0 0 0/0 10:17 0:10 0:00
Bryce Lampman 0 1 1 1 0 0 1 4 0 0 0/0 25:56 2:55 5:06
Cameron Gaunce 0 0 0 -1 4 0 2 0 0 0 0/0 15:28 3:38 0:00
Claude Giroux 0 1 1 -1 2 5 1 0 1 0 1/3 18:38 2:53 0:00
Dave Bolland 1 1 2 -1 0 5 4 0 2 0 4/10 18:57 3:24 2:15
Dustin Boyd 0 1 1 1 2 3 1 1 0 0 5/6 12:46 0:00 1:27
Frans Nielsen 0 0 0 0 0 2 0 0 0 1 11/24 17:55 3:03 0:13
Greg Stewart 1 0 1 0 0 1 0 0 1 0 0/0 20:29 3:12 2:51
Jordan Szwarz 0 0 0 1 0 1 2 0 0 0 0/0 10:40 0:10 0:00
Mark Stuart 0 0 0 -1 0 0 1 2 0 3 0/0 19:19 0:00 5:14
Nick Spaling 0 0 0 -1 0 1 1 0 0 0 0/0 5:32 0:00 0:00
Nikolai Zherdev 0 0 0 -1 0 0 0 1 1 0 0/1 5:41 0:00 0:00
Philip Larsen 0 0 0 -1 0 0 1 0 1 1 0/0 14:18 0:00 3:38
Pierre-Marc Bouchard 0 0 0 -1 0 0 0 0 1 1 6/12 11:07 0:00 5:14
Raphael Diaz 0 0 0 0 0 0 2 0 0 0 0/0 22:26 3:38 3:38
Steve Downie 1 0 1 0 4 2 1 0 0 0 0/0 19:11 3:29 3:52
3 Stars
1 - Dave Bolland (Mon)
2 - Cory Emmerton (Dal)
3 - Jussi Jokinen (Dal)
Power Play
Stars - 2 on 7 Attempt(s) - 28.57%
Canadiens - 2 on 5 Attempt(s) - 40.00%
Penalty Kill
Stars - 3 on 5 Attempt(s) - 60.00%
- Score 0 goal in Penalty Kill
Canadiens - 5 on 7 Attempt(s) - 71.43%
- Score 0 goal in Penalty Kill
Team Stat
Stars - Hits : 20 - Faceoff Wins : 29 - Blocked Shots : 8 - Penalty Minutes : 10
Canadiens - Hits : 21 - Faceoff Wins : 28 - Blocked Shots : 10 - Penalty Minutes : 14
Official
Referees : Unknown
Linesman : Unknown
Game Notes
No Game Note
Finance
Level 1 -- Attendance: 5410 (90.17%) -- Ticket Income $551,820
Level 2 -- Attendance: 4525 (90.50%) -- Ticket Income $298,650
Level 3 -- Attendance: 1864 (93.20%) -- Ticket Income $78,288
Level 4 -- Attendance: 3492 (87.30%) -- Ticket Income $97,776
Luxury Box -- Attendance: 870 (87.00%) -- Ticket Income $158,340
Game was played at the Centre Bell.
Total Attendance: 16161 (89.78%)
Total Ticket Income: $1,184,874
Other Income: $177,731
Total Income: $1,362,605
Stars
5 vs 5 Forward
Center Left Wing Right Wing Time % Phy DF OF
1 John Tavares Guillaume Latendresse Michael Grabner 40 0 2 3
2 Antoine Vermette Jussi Jokinen Alex Chiasson 30 0 2 3
3 Cory Emmerton Alexander Frolov B.J. Crombeen 20 1 2 2
4 Evgeny Grachev Ted Purcell Cam Atkinson 10 1 2 2
5 vs 5 Defense
Defense Defense Time % Phy DF OF
1 Ian White Brian Lee 40 1 2 2
2 Shane O'Brien Boris Valabik 30 1 2 2
3 Tyson Barrie Paul Ladue 20 1 2 2
4 Ian White Brian Lee 10 1 2 2
PowerPlay Forward
Center Left Wing Right Wing Time % Phy DF OF
1 John Tavares Guillaume Latendresse Michael Grabner 60 0 1 4
2 Antoine Vermette Jussi Jokinen Alex Chiasson 40 0 1 4
PowerPlay Defense
Defense Defense Time % Phy DF OF
1 Ian White Brian Lee 60 0 2 3
2 Shane O'Brien Boris Valabik 40 0 2 3
Penalty Kill 4 Players Forward
Center Wing Time % Phy DF OF
1 John Tavares Guillaume Latendresse 60 0 3 2
2 Jussi Jokinen Michael Grabner 40 0 3 2
Penalty Kill 4 Players Defense
Defense Defense Time % Phy DF OF
1 Ian White Brian Lee 60 0 3 2
2 Shane O'Brien Boris Valabik 40 0 3 2
Penalty Kill - 3 Players Forward
Forward Time % Phy DF OF
1 John Tavares 60 0 3 2
2 Guillaume Latendresse 40 0 3 2
Penalty Kill - 3 Players Defense
Defense Defense Time % Phy DF OF
1 Ian White Brian Lee 60 0 3 2
2 Shane O'Brien Boris Valabik 40 0 3 2
4 vs 4 Forward
Center Wing Time % Phy DF OF
1 John Tavares Guillaume Latendresse 60 0 2 3
2 Jussi Jokinen Michael Grabner 40 0 2 3
4 vs 4 Defense
Defense Defense Time % Phy DF OF
1 Ian White Brian Lee 60 1 2 2
2 Shane O'Brien Boris Valabik 40 1 2 2
Last Minutes Offensive
Center Left Wing Right Wing Defense Defense
John Tavares Guillaume Latendresse Michael Grabner Ian White Brian Lee
Last Minutes Defensive
Center Left Wing Right Wing Defense Defense
John Tavares Guillaume Latendresse Michael Grabner Ian White Brian Lee
Goaltenders
Starting : Cory Schneider
Backup : Matt Murray
Extra Forwards
Normal : Alexander Frolov, Cory Emmerton, Evgeny Grachev - PP : Alexander Frolov, Cory Emmerton - PK : Evgeny Grachev
Extra Defensemen
Normal : Tyson Barrie, Paul Ladue, Shane O'Brien - PP : Tyson Barrie - PK : Paul Ladue, Shane O'Brien
Penalty Shots
John Tavares, Guillaume Latendresse, Jussi Jokinen, Michael Grabner, Antoine Vermette
Scratches
Andrej Sustr (Healthy), Damien Brunner (Healthy)
Canadiens
5 vs 5 Forward
Center Left Wing Right Wing Time % Phy DF OF
1 Frans Nielsen Greg Stewart Claude Giroux 40 0 0 5
2 Dave Bolland Benoit Pouliot Steve Downie 30 0 0 5
3 Dustin Boyd Brett Maclean Jordan Szwarz 20 0 0 5
4 Pierre-Marc Bouchard Nick Spaling Nikolai Zherdev 10 0 3 2
5 vs 5 Defense
Defense Defense Time % Phy DF OF
1 Brady Skjei Bryce Lampman 40 0 0 5
2 Mark Stuart Raphael Diaz 30 0 0 5
3 Philip Larsen Cameron Gaunce 20 0 2 3
4 Brady Skjei Bryce Lampman 10 1 2 2
PowerPlay Forward
Center Left Wing Right Wing Time % Phy DF OF
1 Frans Nielsen Greg Stewart Claude Giroux 50 0 0 5
2 Dave Bolland Benoit Pouliot Steve Downie 50 0 0 5
PowerPlay Defense
Defense Defense Time % Phy DF OF
1 Brady Skjei Bryce Lampman 50 0 0 5
2 Raphael Diaz Cameron Gaunce 50 0 0 5
Penalty Kill 4 Players Forward
Center Wing Time % Phy DF OF
1 Pierre-Marc Bouchard Steve Downie 60 1 3 1
2 Dustin Boyd Greg Stewart 40 1 3 1
Penalty Kill 4 Players Defense
Defense Defense Time % Phy DF OF
1 Mark Stuart Bryce Lampman 60 1 3 1
2 Philip Larsen Raphael Diaz 40 1 3 1
Penalty Kill - 3 Players Forward
Forward Time % Phy DF OF
1 Frans Nielsen 60 1 4 0
2 Dave Bolland 40 1 4 0
Penalty Kill - 3 Players Defense
Defense Defense Time % Phy DF OF
1 Mark Stuart Bryce Lampman 60 1 4 0
2 Brady Skjei Raphael Diaz 40 1 4 0
4 vs 4 Forward
Center Wing Time % Phy DF OF
1 Dave Bolland Claude Giroux 60 0 2 3
2 Frans Nielsen Benoit Pouliot 40 0 2 3
4 vs 4 Defense
Defense Defense Time % Phy DF OF
1 Brady Skjei Mark Stuart 60 0 2 3
2 Cameron Gaunce Raphael Diaz 40 0 2 3
Last Minutes Offensive
Center Left Wing Right Wing Defense Defense
Frans Nielsen Greg Stewart Claude Giroux Brady Skjei Bryce Lampman
Last Minutes Defensive
Center Left Wing Right Wing Defense Defense
Frans Nielsen Greg Stewart Steve Downie Mark Stuart Bryce Lampman
Goaltenders
Starting : Kristers Gudlevskis
Backup : Allen York
Extra Forwards
Normal : Claude Giroux, Greg Stewart, Benoit Pouliot - PP : Claude Giroux, Greg Stewart - PK : Steve Downie
Extra Defensemen
Normal : Brady Skjei, Bryce Lampman, Raphael Diaz - PP : Brady Skjei - PK : Raphael Diaz, Bryce Lampman
Penalty Shots
Claude Giroux, Brett Maclean, Greg Stewart, Benoit Pouliot, Frans Nielsen
Scratches
Viktor Stalberg (Healthy)
% Time on Ice - Stars
Lines # - Real PCT - Wanted PCT - Time Play
Normal Forward
1 - 34% - 40% - 14:31
2 - 29% - 30% - 12:26
3 - 23% - 20% - 9:48
4 - 14% - 10% - 6:11
Normal Defense
1 - 40% - 40% - 17:00
2 - 31% - 30% - 13:20
3 - 26% - 20% - 11:18
4 - 3% - 10% - 1:18
PP Forward
1 - 59% - 60% - 5:24
2 - 41% - 40% - 3:45
PP Defense
1 - 58% - 60% - 5:18
2 - 42% - 40% - 3:51
PK Forward
1 - 86% - 60% - 5:38
2 - 14% - 40% - 0:55
PK Defense
1 - 67% - 60% - 4:24
2 - 33% - 40% - 2:09
PK3 Forward
1 - 0% - 60%
2 - 0% - 40%
PK3 Defense
1 - 0% - 60%
2 - 0% - 40%
44 Forward
1 - 77% - 60% - 1:15
2 - 23% - 40% - 0:23
44 Defense
1 - 52% - 60% - 0:51
2 - 48% - 40% - 0:47
Last Minute Offensive - 0:00
Last Minute Defensive - 0:00
Total
Forward - 60:16
Defense - 60:16
|
% Time on Ice - Canadiens
Lines # - Real PCT - Wanted PCT - Time Play
Normal Forward
1 - 36% - 40% - 15:22
2 - 29% - 30% - 12:17
3 - 23% - 20% - 9:45
4 - 13% - 10% - 5:32
Normal Defense
1 - 41% - 40% - 17:34
2 - 34% - 30% - 14:41
3 - 23% - 20% - 9:48
4 - 2% - 10% - 0:53
PP Forward
1 - 47% - 50% - 3:04
2 - 53% - 50% - 3:29
PP Defense
1 - 45% - 50% - 2:55
2 - 55% - 50% - 3:38
PK Forward
1 - 77% - 60% - 7:05
2 - 23% - 40% - 2:04
PK Defense
1 - 60% - 60% - 5:31
2 - 40% - 40% - 3:38
PK3 Forward
1 - 0% - 60%
2 - 0% - 40%
PK3 Defense
1 - 0% - 60%
2 - 0% - 40%
44 Forward
1 - 79% - 60% - 1:17
2 - 21% - 40% - 0:21
44 Defense
1 - 70% - 60% - 1:09
2 - 30% - 40% - 0:29
Last Minute Offensive - 0:00
Last Minute Defensive - 0:00
Total
Forward - 60:16
Defense - 60:16
|
Play-by-Play
1st period
0:01 of 1st period - John Tavares wins face-off versus Frans Nielsen in neutral zone.
0:04 of 1st period - Snap shot by Brian Lee.
0:04 of 1st period - Shot Blocked by Brady Skjei.
0:16 of 1st period - Snap shot by Frans Nielsen.
0:16 of 1st period - Shot Misses the Net.
0:26 of 1st period - Brady Skjei is hit by Alex Chiasson and loses puck.
1:11 of 1st period - Snap shot by Nick Spaling.
1:11 of 1st period - Shot Blocked by Boris Valabik.
2:28 of 1st period - Claude Giroux is hit by Evgeny Grachev.
3:18 of 1st period - Snap shot by Alexander Frolov.
3:18 of 1st period - Stopped by Kristers Gudlevskis with a rebound.
4:03 of 1st period - Snap shot by John Tavares.
4:03 of 1st period - Stopped by Kristers Gudlevskis with a rebound.
4:05 of 1st period - Slapshot by John Tavares.
4:05 of 1st period - Stopped by Kristers Gudlevskis with a rebound.
6:29 of 1st period - Snap shot by Michael Grabner.
6:29 of 1st period - Shot Misses the Net.
6:31 of 1st period - Slapshot by Ian White.
6:31 of 1st period - Shot Blocked by Nikolai Zherdev.
6:57 of 1st period - Paul Ladue is hit by Dave Bolland.
7:11 of 1st period - Greg Stewart is hit by Jussi Jokinen.
7:25 of 1st period - Claude Giroux is hit by Jussi Jokinen and loses puck.
7:44 of 1st period - Benoit Pouliot is hit by Antoine Vermette and loses puck.
7:51 of 1st period - Snap shot by Alex Chiasson.
7:51 of 1st period - Stopped by Kristers Gudlevskis without a rebound.
7:52 of 1st period - John Tavares wins face-off versus Pierre-Marc Bouchard in Canadiens zone.
8:08 of 1st period - Shane O'Brien is hit by Bryce Lampman and loses puck.
9:22 of 1st period - Snap shot by Michael Grabner.
9:22 of 1st period - Stopped by Kristers Gudlevskis with a rebound.
9:32 of 1st period - Minor Penalty to Dustin Boyd for Interference.
9:33 of 1st period - Pierre-Marc Bouchard wins face-off versus John Tavares in Canadiens zone.
10:18 of 1st period - Antoine Vermette is hit by Raphael Diaz and loses puck.
11:29 of 1st period - Slapshot by Ian White.
11:29 of 1st period - Stopped by Kristers Gudlevskis without a rebound.
11:30 of 1st period - Pierre-Marc Bouchard wins face-off versus Alexander Frolov in Canadiens zone.
11:30 of 1st period - Pierre-Marc Bouchard is hit by Brian Lee.
11:32 of 1st period - Penalty to Dustin Boyd is over, Dustin Boyd is back on ice.
11:42 of 1st period - Snap shot by Alexander Frolov.
11:42 of 1st period - Stopped by Kristers Gudlevskis with a rebound.
11:44 of 1st period - Wrist shot by Alexander Frolov.
11:44 of 1st period - Shot Blocked by Dustin Boyd.
11:46 of 1st period - Snap shot by B.J. Crombeen.
11:46 of 1st period - Shot Misses the Net.
12:30 of 1st period - Dustin Boyd is hit by Jussi Jokinen and loses puck.
13:42 of 1st period - Mark Stuart is hit by Guillaume Latendresse.
13:53 of 1st period - Minor Penalty to Cameron Gaunce for Boarding.
13:54 of 1st period - John Tavares wins face-off versus Pierre-Marc Bouchard in Canadiens zone.
13:54 of 1st period - Snap shot by Michael Grabner.
13:54 of 1st period - Stopped by Kristers Gudlevskis without a rebound.
13:55 of 1st period - John Tavares wins face-off versus Pierre-Marc Bouchard in Canadiens zone.
14:06 of 1st period - Wrist shot by John Tavares.
14:06 of 1st period - Shot Misses the Net.
14:08 of 1st period - Snap shot by Boris Valabik.
14:08 of 1st period - Goal by Boris Valabik - Stars : 1 - Canadiens : 0.
14:09 of 1st period - Benoit Pouliot wins face-off versus John Tavares in neutral zone.
14:22 of 1st period - Slapshot by John Tavares.
14:22 of 1st period - Shot Misses the Net.
14:24 of 1st period - Slapshot by Brian Lee.
14:24 of 1st period - Stopped by Kristers Gudlevskis without a rebound.
14:25 of 1st period - Antoine Vermette wins face-off versus Frans Nielsen in Canadiens zone.
14:28 of 1st period - Snap shot by Alex Chiasson.
14:28 of 1st period - Stopped by Kristers Gudlevskis with a rebound.
14:30 of 1st period - Slapshot by Brian Lee.
14:30 of 1st period - Stopped by Kristers Gudlevskis with a rebound.
14:32 of 1st period - Slapshot by Brian Lee.
14:32 of 1st period - Stopped by Kristers Gudlevskis with a rebound.
14:34 of 1st period - Slapshot by Ian White.
14:34 of 1st period - Stopped by Kristers Gudlevskis with a rebound.
14:36 of 1st period - Slapshot by Brian Lee.
14:36 of 1st period - Stopped by Kristers Gudlevskis without a rebound.
14:37 of 1st period - Frans Nielsen wins face-off versus John Tavares in Canadiens zone.
14:42 of 1st period - Snap shot by John Tavares.
14:42 of 1st period - Stopped by Kristers Gudlevskis with a rebound.
15:29 of 1st period - Snap shot by Dustin Boyd.
15:29 of 1st period - Deflect By Brett Maclean.
15:29 of 1st period - Stopped by Cory Schneider without a rebound.
15:30 of 1st period - Dustin Boyd wins face-off versus John Tavares in Stars zone.
15:37 of 1st period - Snap shot by Jordan Szwarz.
15:37 of 1st period - Shot Blocked by Guillaume Latendresse.
15:38 of 1st period - Minor Penalty to Brett Maclean for Roughing.
15:39 of 1st period - Pierre-Marc Bouchard wins face-off versus John Tavares in Canadiens zone.
15:48 of 1st period - Snap shot by Pierre-Marc Bouchard.
15:48 of 1st period - Shot Misses the Net.
16:29 of 1st period - Minor Penalty to Boris Valabik for Hooking.
16:30 of 1st period - John Tavares wins face-off versus Dave Bolland in Stars zone.
16:35 of 1st period - Snap shot by Claude Giroux.
16:35 of 1st period - Stopped by Cory Schneider without a rebound.
16:36 of 1st period - Dave Bolland wins face-off versus John Tavares in Stars zone.
17:15 of 1st period - Tyson Barrie is hit by Benoit Pouliot and loses puck.
17:24 of 1st period - Snap shot by Frans Nielsen.
17:24 of 1st period - Stopped by Cory Schneider with a rebound.
17:26 of 1st period - Slapshot by Raphael Diaz.
17:26 of 1st period - Shot Blocked by Tyson Barrie.
17:38 of 1st period - Penalty to Brett Maclean is over, Brett Maclean is back on ice.
18:29 of 1st period - Penalty to Boris Valabik is over, Boris Valabik is back on ice.
18:36 of 1st period - Paul Ladue is hit by Raphael Diaz and loses puck.
18:41 of 1st period - Snap shot by Nick Spaling.
18:41 of 1st period - Stopped by Cory Schneider with a rebound.
19:12 of 1st period - Brian Lee is hit by Jordan Szwarz and loses puck.
19:50 of 1st period - Ian White is hit by Cameron Gaunce.
Goals for this period are 1 for Stars vs 0 for Canadiens.
Shots for this period are 16 for Stars vs 4 for Canadiens.
2nd period
0:01 of 2nd period - Claude Giroux wins face-off versus John Tavares in neutral zone.
0:10 of 2nd period - Backhand shot by Claude Giroux.
0:10 of 2nd period - Stopped by Cory Schneider with a rebound.
0:12 of 2nd period - Slapshot by Greg Stewart.
0:12 of 2nd period - Goal by Greg Stewart - Stars : 1 - Canadiens : 1.
0:13 of 2nd period - John Tavares wins face-off versus Frans Nielsen in neutral zone.
0:18 of 2nd period - Wrist shot by John Tavares.
0:18 of 2nd period - Stopped by Kristers Gudlevskis without a rebound.
0:19 of 2nd period - Guillaume Latendresse wins face-off versus Frans Nielsen in Canadiens zone.
0:22 of 2nd period - Slapshot by Guillaume Latendresse.
0:22 of 2nd period - Stopped by Kristers Gudlevskis with a rebound.
1:10 of 2nd period - Evgeny Grachev is hit by Dave Bolland and loses puck.
1:52 of 2nd period - Slapshot by Guillaume Latendresse.
1:52 of 2nd period - Shot Blocked by Bryce Lampman.
2:05 of 2nd period - Icing by Guillaume Latendresse.
2:06 of 2nd period - Dustin Boyd wins face-off versus John Tavares in Stars zone.
2:09 of 2nd period - Wrist shot by Dustin Boyd.
2:09 of 2nd period - Stopped by Cory Schneider without a rebound.
2:10 of 2nd period - John Tavares wins face-off versus Dustin Boyd in Stars zone.
3:19 of 2nd period - Backhand shot by Benoit Pouliot.
3:19 of 2nd period - Stopped by Cory Schneider without a rebound.
3:20 of 2nd period - John Tavares wins face-off versus Dave Bolland in Stars zone.
3:20 of 2nd period - John Tavares is hit by Philip Larsen.
3:27 of 2nd period - Minor Penalty to Cameron Gaunce for Hooking.
3:28 of 2nd period - Pierre-Marc Bouchard wins face-off versus John Tavares in Canadiens zone.
5:27 of 2nd period - Penalty to Cameron Gaunce is over, Cameron Gaunce is back on ice.
6:07 of 2nd period - Wrist shot by Benoit Pouliot.
6:07 of 2nd period - Stopped by Cory Schneider with a rebound.
6:55 of 2nd period - Backhand shot by Alexander Frolov.
6:55 of 2nd period - Deflect By B.J. Crombeen.
6:55 of 2nd period - Deflect By Nick Spaling.
6:55 of 2nd period - Stopped by Kristers Gudlevskis without a rebound.
6:56 of 2nd period - Cory Emmerton wins face-off versus Pierre-Marc Bouchard in Canadiens zone.
7:03 of 2nd period - Wrist shot by Cory Emmerton.
7:03 of 2nd period - Goal by Cory Emmerton - Stars : 2 - Canadiens : 1.
7:04 of 2nd period - Guillaume Latendresse wins face-off versus Frans Nielsen in neutral zone.
7:32 of 2nd period - Slapshot by Brady Skjei.
7:32 of 2nd period - Stopped by Cory Schneider with a rebound.
7:42 of 2nd period - Slapshot by Alex Chiasson.
7:42 of 2nd period - Shot Misses the Net.
7:55 of 2nd period - Icing by Shane O'Brien.
7:56 of 2nd period - Dustin Boyd wins face-off versus Cory Emmerton in Stars zone.
8:03 of 2nd period - B.J. Crombeen is hit by Dustin Boyd and loses puck.
8:12 of 2nd period - Slapshot by Boris Valabik.
8:12 of 2nd period - Stopped by Kristers Gudlevskis with a rebound.
8:14 of 2nd period - Wrist shot by Cory Emmerton.
8:14 of 2nd period - Shot Misses the Net.
8:16 of 2nd period - Snap shot by Boris Valabik.
8:16 of 2nd period - Deflect By Cory Emmerton.
8:16 of 2nd period - Shot Misses the Net.
8:16 of 2nd period - Puck is out of play.
8:17 of 2nd period - Frans Nielsen wins face-off versus John Tavares in Canadiens zone.
8:17 of 2nd period - Frans Nielsen is hit by Brian Lee.
8:50 of 2nd period - Wrist shot by Dave Bolland.
8:50 of 2nd period - Shot Misses the Net.
9:08 of 2nd period - Alexander Frolov is hit by Nick Spaling and loses puck.
10:12 of 2nd period - Dave Bolland is hit by Alex Chiasson and loses puck.
11:48 of 2nd period - Benoit Pouliot is hit by Alex Chiasson and loses puck.
12:07 of 2nd period - Snap shot by Claude Giroux.
12:07 of 2nd period - Stopped by Cory Schneider with a rebound.
12:09 of 2nd period - Wrist shot by Greg Stewart.
12:09 of 2nd period - Shot Misses the Net.
12:11 of 2nd period - Slapshot by Raphael Diaz.
12:11 of 2nd period - Deflect By Greg Stewart.
12:11 of 2nd period - Shot Misses the Net.
12:11 of 2nd period - Puck is out of play.
12:12 of 2nd period - Frans Nielsen wins face-off versus John Tavares in Stars zone.
12:13 of 2nd period - Slapshot by Greg Stewart.
12:13 of 2nd period - Deflect By Claude Giroux.
12:13 of 2nd period - Stopped by Cory Schneider with a rebound.
12:15 of 2nd period - Minor Penalty to Guillaume Latendresse for Holding.
12:16 of 2nd period - John Tavares wins face-off versus Frans Nielsen in Stars zone.
12:27 of 2nd period - Slapshot by Brady Skjei.
12:27 of 2nd period - Shot Misses the Net.
12:29 of 2nd period - Slapshot by Brady Skjei.
12:29 of 2nd period - Deflect By Greg Stewart.
12:29 of 2nd period - Shot Blocked by John Tavares.
12:29 of 2nd period - Puck is out of play.
12:30 of 2nd period - Dave Bolland wins face-off versus John Tavares in Stars zone.
12:41 of 2nd period - Snap shot by Dave Bolland.
12:41 of 2nd period - Stopped by Cory Schneider with a rebound.
12:43 of 2nd period - Slapshot by Cameron Gaunce.
12:43 of 2nd period - Shot Blocked by Evgeny Grachev.
12:45 of 2nd period - Snap shot by Benoit Pouliot.
12:45 of 2nd period - Deflect By Dave Bolland.
12:45 of 2nd period - Deflect By John Tavares.
12:45 of 2nd period - Stopped by Cory Schneider without a rebound.
12:46 of 2nd period - Frans Nielsen wins face-off versus John Tavares in Stars zone.
12:49 of 2nd period - Wrist shot by Greg Stewart.
12:49 of 2nd period - Shot Misses the Net.
13:01 of 2nd period - Evgeny Grachev is hit by Claude Giroux and loses puck.
13:12 of 2nd period - Ian White is hit by Steve Downie and loses puck.
13:23 of 2nd period - Snap shot by Steve Downie.
13:23 of 2nd period - Deflect By Dave Bolland.
13:23 of 2nd period - Shot Blocked by Evgeny Grachev.
13:23 of 2nd period - Puck is out of play.
13:24 of 2nd period - John Tavares wins face-off versus Frans Nielsen in Stars zone.
13:47 of 2nd period - Dave Bolland is hit by Alexander Frolov and loses puck.
14:15 of 2nd period - Penalty to Guillaume Latendresse is over, Guillaume Latendresse is back on ice.
14:49 of 2nd period - Icing by Nikolai Zherdev.
14:50 of 2nd period - Antoine Vermette wins face-off versus Nikolai Zherdev in Canadiens zone.
14:51 of 2nd period - Wrist shot by Jussi Jokinen.
14:51 of 2nd period - Shot Misses the Net.
15:19 of 2nd period - Slapshot by Alexander Frolov.
15:19 of 2nd period - Shot Misses the Net.
16:13 of 2nd period - Snap shot by Dustin Boyd.
16:13 of 2nd period - Shot Misses the Net.
16:31 of 2nd period - Snap shot by Michael Grabner.
16:31 of 2nd period - Shot Misses the Net.
16:33 of 2nd period - Wrist shot by Boris Valabik.
16:33 of 2nd period - Shot Blocked by Bryce Lampman.
16:35 of 2nd period - Wrist shot by Guillaume Latendresse.
16:35 of 2nd period - Stopped by Kristers Gudlevskis with a rebound.
16:37 of 2nd period - Snap shot by Boris Valabik.
16:37 of 2nd period - Stopped by Kristers Gudlevskis with a rebound.
16:39 of 2nd period - Wrist shot by Guillaume Latendresse.
16:39 of 2nd period - Stopped by Kristers Gudlevskis with a rebound.
16:55 of 2nd period - Wrist shot by Claude Giroux.
16:55 of 2nd period - Deflect By Frans Nielsen.
16:55 of 2nd period - Stopped by Cory Schneider without a rebound.
16:56 of 2nd period - Antoine Vermette wins face-off versus Claude Giroux in Stars zone.
17:11 of 2nd period - Wrist shot by Jussi Jokinen.
17:11 of 2nd period - Goal by Jussi Jokinen - Stars : 3 - Canadiens : 1.
17:12 of 2nd period - John Tavares wins face-off versus Frans Nielsen in neutral zone.
18:04 of 2nd period - Raphael Diaz is hit by Alexander Frolov.
18:19 of 2nd period - Raphael Diaz is hit by Cory Emmerton and loses puck.
18:55 of 2nd period - B.J. Crombeen is hit by Jordan Szwarz and loses puck.
19:02 of 2nd period - Wrist shot by Brett Maclean.
19:02 of 2nd period - Stopped by Cory Schneider without a rebound.
19:03 of 2nd period - John Tavares wins face-off versus Frans Nielsen in Stars zone.
19:36 of 2nd period - Slapshot by Jussi Jokinen.
19:36 of 2nd period - Shot Blocked by Benoit Pouliot.
19:38 of 2nd period - Wrist shot by Alex Chiasson.
19:38 of 2nd period - Shot Misses the Net.
Goals for this period are 2 for Stars vs 1 for Canadiens.
Shots for this period are 9 for Stars vs 12 for Canadiens.
3rd period
0:01 of 3rd period - John Tavares wins face-off versus Frans Nielsen in neutral zone.
0:26 of 3rd period - Antoine Vermette is hit by Benoit Pouliot and loses puck.
0:31 of 3rd period - Wrist shot by Dave Bolland.
0:31 of 3rd period - Stopped by Cory Schneider with a rebound.
0:33 of 3rd period - Snap shot by Steve Downie.
0:33 of 3rd period - Shot Misses the Net.
0:35 of 3rd period - Slapshot by Cameron Gaunce.
0:35 of 3rd period - Shot Blocked by Antoine Vermette.
0:37 of 3rd period - Wrist shot by Dave Bolland.
0:37 of 3rd period - Stopped by Cory Schneider without a rebound.
0:38 of 3rd period - John Tavares wins face-off versus Dave Bolland in Stars zone.
0:38 of 3rd period - John Tavares is hit by Cameron Gaunce.
1:18 of 3rd period - Snap shot by Alex Chiasson.
1:18 of 3rd period - Shot Misses the Net.
1:48 of 3rd period - Dustin Boyd is hit by Guillaume Latendresse and loses puck.
2:14 of 3rd period - Minor Penalty to Steve Downie for Hooking.
2:15 of 3rd period - Pierre-Marc Bouchard wins face-off versus John Tavares in Canadiens zone.
2:27 of 3rd period - Snap shot by Guillaume Latendresse.
2:27 of 3rd period - Stopped by Kristers Gudlevskis without a rebound.
2:28 of 3rd period - John Tavares wins face-off versus Pierre-Marc Bouchard in Canadiens zone.
2:29 of 3rd period - Slapshot by Guillaume Latendresse.
2:29 of 3rd period - Stopped by Kristers Gudlevskis with a rebound.
2:31 of 3rd period - Slapshot by Ian White.
2:31 of 3rd period - Shot Blocked by Bryce Lampman.
2:33 of 3rd period - Slapshot by Brian Lee.
2:33 of 3rd period - Shot Blocked by Mark Stuart.
2:35 of 3rd period - Snap shot by Michael Grabner.
2:35 of 3rd period - Goal by Michael Grabner - Stars : 4 - Canadiens : 1.
2:36 of 3rd period - John Tavares wins face-off versus Frans Nielsen in neutral zone.
2:39 of 3rd period - Snap shot by Brian Lee.
2:39 of 3rd period - Stopped by Kristers Gudlevskis without a rebound.
2:40 of 3rd period - Frans Nielsen wins face-off versus John Tavares in Canadiens zone.
2:40 of 3rd period - Frans Nielsen is hit by John Tavares.
2:52 of 3rd period - Wrist shot by John Tavares.
2:52 of 3rd period - Shot Blocked by Bryce Lampman.
2:54 of 3rd period - Snap shot by Guillaume Latendresse.
2:54 of 3rd period - Shot Misses the Net.
3:54 of 3rd period - Snap shot by Guillaume Latendresse.
3:54 of 3rd period - Deflect By Michael Grabner.
3:54 of 3rd period - Shot Misses the Net.
3:54 of 3rd period - Puck is out of play.
3:55 of 3rd period - Frans Nielsen wins face-off versus John Tavares in Canadiens zone.
4:45 of 3rd period - Wrist shot by Guillaume Latendresse.
4:45 of 3rd period - Deflect By John Tavares.
4:45 of 3rd period - Shot Misses the Net.
4:45 of 3rd period - Puck is out of play.
4:46 of 3rd period - Antoine Vermette wins face-off versus Dave Bolland in Canadiens zone.
4:59 of 3rd period - Wrist shot by Dave Bolland.
4:59 of 3rd period - Shot Misses the Net.
5:01 of 3rd period - Snap shot by Steve Downie.
5:01 of 3rd period - Stopped by Cory Schneider without a rebound.
5:02 of 3rd period - Dustin Boyd wins face-off versus Cory Emmerton in Stars zone.
5:29 of 3rd period - Dave Bolland is hit by Jussi Jokinen and loses puck.
5:56 of 3rd period - Minor Penalty to John Tavares for Cross-checking.
5:57 of 3rd period - Evgeny Grachev wins face-off versus Dave Bolland in Stars zone.
5:57 of 3rd period - Evgeny Grachev is hit by Dave Bolland.
6:14 of 3rd period - Snap shot by Cameron Gaunce.
6:14 of 3rd period - Deflect By Steve Downie.
6:14 of 3rd period - Shot Misses the Net.
6:14 of 3rd period - Puck is out of play.
6:15 of 3rd period - Frans Nielsen wins face-off versus Evgeny Grachev in Stars zone.
6:48 of 3rd period - Slapshot by Brady Skjei.
6:48 of 3rd period - Shot Misses the Net.
6:50 of 3rd period - Wrist shot by Dave Bolland.
6:50 of 3rd period - Goal by Dave Bolland - Stars : 4 - Canadiens : 2.
6:51 of 3rd period - Frans Nielsen wins face-off versus John Tavares in neutral zone.
7:08 of 3rd period - Backhand shot by Guillaume Latendresse.
7:08 of 3rd period - Shot Misses the Net.
7:18 of 3rd period - Brian Lee is hit by Benoit Pouliot and loses puck.
7:24 of 3rd period - Minor Penalty to Jussi Jokinen for Hooking.
7:25 of 3rd period - Frans Nielsen wins face-off versus John Tavares in Stars zone.
7:25 of 3rd period - Snap shot by Claude Giroux.
7:25 of 3rd period - Stopped by Cory Schneider without a rebound.
7:26 of 3rd period - John Tavares wins face-off versus Frans Nielsen in Stars zone.
7:56 of 3rd period - Icing by Dave Bolland.
7:57 of 3rd period - Dave Bolland wins face-off versus Evgeny Grachev in Canadiens zone.
8:04 of 3rd period - Backhand shot by Cameron Gaunce.
8:04 of 3rd period - Shot Blocked by Evgeny Grachev.
8:28 of 3rd period - Slapshot by Steve Downie.
8:28 of 3rd period - Goal by Steve Downie - Stars : 4 - Canadiens : 3.
8:29 of 3rd period - Frans Nielsen wins face-off versus Michael Grabner in neutral zone.
9:33 of 3rd period - Boris Valabik is hit by Brett Maclean and loses puck.
10:41 of 3rd period - Antoine Vermette is hit by Dave Bolland and loses puck.
10:54 of 3rd period - Snap shot by Dustin Boyd.
10:54 of 3rd period - Stopped by Cory Schneider with a rebound.
10:56 of 3rd period - Snap shot by Jordan Szwarz.
10:56 of 3rd period - Deflect By Tyson Barrie.
10:56 of 3rd period - Stopped by Cory Schneider without a rebound.
10:57 of 3rd period - Dustin Boyd wins face-off versus Michael Grabner in Stars zone.
10:58 of 3rd period - Wrist shot by Brett Maclean.
10:58 of 3rd period - Goal by Brett Maclean - Stars : 4 - Canadiens : 4.
10:59 of 3rd period - Frans Nielsen wins face-off versus Michael Grabner in neutral zone.
11:45 of 3rd period - Minor Penalty to Steve Downie for Boarding.
11:46 of 3rd period - John Tavares wins face-off versus Pierre-Marc Bouchard in Canadiens zone.
11:59 of 3rd period - Wrist shot by Guillaume Latendresse.
11:59 of 3rd period - Shot Misses the Net.
12:01 of 3rd period - Wrist shot by John Tavares.
12:01 of 3rd period - Stopped by Kristers Gudlevskis without a rebound.
12:02 of 3rd period - Pierre-Marc Bouchard wins face-off versus John Tavares in Canadiens zone.
12:27 of 3rd period - Bryce Lampman is hit by Brian Lee and loses puck.
12:34 of 3rd period - Wrist shot by Alex Chiasson.
12:34 of 3rd period - Shot Misses the Net.
13:42 of 3rd period - Shane O'Brien is hit by Mark Stuart and loses puck.
13:45 of 3rd period - Penalty to Steve Downie is over, Steve Downie is back on ice.
13:53 of 3rd period - Backhand shot by Dustin Boyd.
13:53 of 3rd period - Stopped by Cory Schneider with a rebound.
14:09 of 3rd period - Minor Penalty to B.J. Crombeen for Hooking.
14:10 of 3rd period - John Tavares wins face-off versus Frans Nielsen in Stars zone.
15:54 of 3rd period - Minor Penalty to Claude Giroux for Tripping.
15:55 of 3rd period - Dave Bolland wins face-off versus John Tavares in Canadiens zone.
16:09 of 3rd period - Penalty to B.J. Crombeen is over, B.J. Crombeen is back on ice.
17:43 of 3rd period - Steve Downie is hit by Shane O'Brien and loses puck.
17:54 of 3rd period - Penalty to Claude Giroux is over, Claude Giroux is back on ice.
18:59 of 3rd period - Bryce Lampman is hit by Cory Emmerton and loses puck.
Goals for this period are 1 for Stars vs 3 for Canadiens.
Shots for this period are 5 for Stars vs 10 for Canadiens.
Overtime #1
0:01 of 1st overtime period - John Tavares wins face-off versus Claude Giroux in neutral zone.
0:04 of 1st overtime period - Slapshot by Brian Lee.
0:04 of 1st overtime period - Shot Blocked by Mark Stuart.
0:06 of 1st overtime period - Snap shot by Guillaume Latendresse.
0:06 of 1st overtime period - Stopped by Kristers Gudlevskis without a rebound.
0:07 of 1st overtime period - John Tavares wins face-off versus Dave Bolland in Canadiens zone.
0:16 of 1st overtime period - Wrist shot by John Tavares.
0:16 of 1st overtime period - Goal by John Tavares - Stars : 5 - Canadiens : 4.
Goals for this period are 1 for Stars vs 0 for Canadiens.
Shots for this period are 2 for Stars vs 0 for Canadiens.